 Dungeon Crawl Stone Soup version 0.21.1-1-g345015f (webtiles) character file.

303 shakethe the Chopper (level 6, -3/47 HPs)
             Began as a Demonspawn Gladiator on Feb 25, 2018.
             Killed by nerve-wracking pain
             ... invoked by an orc priest
              (12 damage)
             ... on level 3 of the Dungeon.
             The game lasted 00:04:45 (3330 turns).

shakethe the Chopper (Demonspawn Gladiator)         Turns: 3330, Time: 00:04:46

Health: -3/47      AC:  8    Str: 14    XL:     6   Next: 15%
Magic:  15/15      EV: 13    Int: 12    God:
Gold:   89         SH:  0    Dex: 14    Spells: 5/5 levels left

rFire    x . .     SeeInvis .   a - +0 war axe
rCold    + . .     Gourm    .   (no shield)
rNeg     . . .     Faith    .   p - +0 leather armour (curse)
rPois    .         Spirit   .   c - +0 helmet
rElec    .         Reflect  .   (no cloak)
rCorr    .         Harm     .   (no gloves)
MR       .....                  (no boots)
Stlth    ++........             (no amulet)
HPRegen  0.15/turn              o - ring of magical power {MP+9}
MPRegen  0.14/turn              t - ring of ice {rC+, rF-}

@: lethally poisoned (-3 -> -5)
A: hooves 1, iridescent scales 2, nightstalker 1
a: no special abilities


You were on level 3 of the Dungeon.
You were not hungry.

You visited 1 branch of the dungeon, and saw 3 of its levels.

You collected 89 gold pieces.

Inventory:

Hand Weapons
 a - a +0 war axe (weapon)
Missiles
 d - 2 throwing nets (quivered) {=f, !d}
 g - 112 stones
Armour
 b - a +0 leather armour
 c - a +0 helmet (worn)
 p - a cursed +0 leather armour (worn)
   (You found it on level 2 of the Dungeon)
Magical Staves
 x - an uncursed staff of cold {unknown}
   (You found it on level 3 of the Dungeon)
Jewellery
 o - a ring of magical power (left hand) {MP+9}
   (You found it on level 2 of the Dungeon)
 t - a ring of ice (right hand) {rC+, rF-}
   (You found it on level 2 of the Dungeon)
Scrolls
 h - 2 scrolls of remove curse {unknown}
 q - a scroll of amnesia {unknown}
 r - a scroll of identify {unknown}
 v - a scroll of fog {unknown}
 w - a scroll of noise {unknown}
Potions
 e - a potion of flight {unknown}
 i - a potion of mutation {unknown}
 j - 2 potions of brilliance {unknown}
 k - a potion of heal wounds {unknown}
 l - 2 potions of curing {unknown}
 m - a potion of degeneration {unknown}
 n - a potion of agility {unknown}
 s - a potion of haste {unknown}
 u - a potion of might {unknown}
 z - a potion of ambrosia {unknown}
Comestibles
 f - 2 rations


   Skills:
 + Level 3.6 Fighting
 * Level 4.8 Axes
 - Level 1.7 Throwing
 + Level 3.9 Dodging


You had 5 spell levels left.
You didn't know any spells.

Dungeon Overview and Level Annotations

Branches:
Dungeon (3/15)

Altars:


Innate Abilities, Weirdness & Mutations

You have large cloven feet.
You are mostly covered in iridescent scales. (AC +4)
You are slightly more attuned to the shadows.


Message History

Items here: )) [ † a club; a leather armour; a whip; an orc corpse You start resting.
Health restored: 47
z - a blue potion No target in view!
Found a runed trident.
No target in view!
No target in view!
No target in view!
No target in view!
No target in view!
No target in view!
No target in view!
No target in view!
No target in view!
Unknown command.
No target in view!
The adder is too close now for your liking.
An adder and a jackal come into view.
You see here a scroll labeled LYIFOV TATIV.
The jackal barks!
You closely miss the jackal. Your kick misses the jackal.
The jackal completely misses you.
The jackal bites you but does no damage.
An orc priest comes into view. It is wielding a war axe.
You closely miss the jackal.
The orc priest shouts!
You kick the jackal.
You hear a shout!
The jackal bites you but does no damage.
The adder bites you but does no damage.
The jackal bites you but does no damage.
You closely miss the jackal. You miss the adder. The adder bites you.
The jackal closely misses you.
You take 5 damage, and have 42/47 hp.
You hit the jackal but do no damage. You slash the adder!
The jackal bites you but does no damage.
The adder bites you but does no damage.
The orc priest looks encouraged for a moment.
The jackal closely misses you. The adder bites you but does no damage.
An orc priest comes into view. It is wielding a dagger.
You closely miss the adder. You kick the adder, but do no damage.
You miss the jackal.
The jackal bites you but does no damage.
The orc priest looks braver for a moment.
The adder closely misses you. The jackal barely misses you.
You completely miss the adder. You closely miss the jackal.
The adder misses you.
The jackal bites you but does no damage.
The adder closely misses you. The jackal barely misses you.
An orc comes into view.
You miss the adder.
The orc shouts!
Your kick misses the adder. You hit the jackal but do no damage.
You hit the orc priest. The adder bites you.
You are poisoned.
The adder poisons you!
The jackal bites you but does no damage.
The orc priest hits you with a war axe. The adder closely misses you.
You closely miss the adder. You hit the jackal. You barely miss the orc priest.
You feel sick. The jackal misses you. The adder closely misses you.
The orc priest hits you with a war axe. The jackal barely misses you.
An orc and an orc wizard come into view.
You take 11 damage, and have 31/47 hp.
MASSIVE DAMAGE!!
You miss the adder.
The orc wizard shouts!
The orc shouts!
Your kick misses the adder. You barely miss the jackal.
You barely miss the orc priest.
You feel sick. The adder bites you but does no damage.
The jackal closely misses you.
The orc priest invokes the aid of Beogh against you.
Pain shoots through your body! The adder misses you.
The jackal bites you but does no damage.
You take 6 damage, and have 25/47 hp.
You hit the adder.
You kill the adder!
You hit the orc priest but do no damage.
You barely miss the jackal. You hit the orc priest.
The orc priest hits you but does no damage.
The jackal closely misses you.
The orc priest hits you but does no damage.
The jackal misses you.
An orc comes into view. It is wielding a mace.
You feel sick.
You see here an adder corpse.
You take 1 damage, and have 24/47 hp.
The orc priest begins to cast a cantrip, but forgets the words!
The orc priest calls upon Beogh to heal something.
Found a stone staircase leading up.
You feel sick.
You take 1 damage, and have 24/47 hp.
The orc priest invokes the aid of Beogh against you.
Beogh smites you!
* * * LOW HITPOINT WARNING * * *
You take 15 damage, and have 9/47 hp.
MASSIVE DAMAGE!!
The orc priest calls down the wrath of Beogh upon you.
Pain shoots through your body!
You die...

###......###.#####......#.#.
#..)#.....#................
#...................h...#
#...##.#.##..###....o...#
##...##.......#....##o#..#
#.>#)..[..##..#.#..oo.#(...o
#...)#######..#.##.#..#.####o
#.#######.##........)...# #
#...#....#@##.#).###
#..###...........# ##.##
##.##.##.#.#.. #.##
##...##....... ##)##
##.######..#..< #.<###O.#
.#### #...#...# ####.#### ###


You could see an orc priest and 2 orcs.

Vanquished Creatures
  An ogre (D:3)
  The ghost of Autsider the Cutter, an amateur KoBe of Trog (D:3)
  Jessica (D:2)
  An orc wizard (D:3)
  3 adders
  3 worms (D:2)
  A dart slug (D:1)
  3 orcs (D:3)
  4 bats
  A giant cockroach (D:2)
  4 goblins
  8 hobgoblins
  8 jackals
  A quokka (D:2)
  2 ball pythons
  7 kobolds
  6 rats
55 creatures vanquished.

Notes
Turn   | Place    | Note
-------+----------+-------------------------------------------
     0 | D:1      | shakethe the Demonspawn Gladiator began the quest for the Orb.
     0 | D:1      | Reached XP level 1. HP: 16/16 MP: 1/1
   314 | D:1      | Reached skill level 3 in Axes
   314 | D:1      | Gained mutation: You have large cloven feet. [demonic ancestry]
   314 | D:1      | Reached XP level 2. HP: 17/22 MP: 2/2
  1106 | D:1      | Reached skill level 3 in Dodging
  1372 | D:2      | HP: 5/23 [worm (9)]
  1388 | D:2      | HP: 5/23 [jackal (2)]
  1392 | D:2      | Reached XP level 3. HP: 4/28 MP: 3/3
  1714 | D:2      | Noticed Jessica
  1732 | D:2      | Killed Jessica
  1854 | D:2      | Gained mutation: You are slightly more attuned to the shadows. [demonic ancestry]
  1854 | D:2      | Reached XP level 4. HP: 33/34 MP: 4/4
  2664 | D:3      | Noticed an ogre
  2667 | D:3      | HP: 8/34 [ogre/giant spiked club (26)]
  2980 | D:3      | Killed an ogre
  2980 | D:3      | Reached skill level 3 in Fighting
  2980 | D:3      | Reached skill level 4 in Axes
  2980 | D:3      | Gained mutation: You are partially covered in iridescent scales. (AC +2) [demonic ancestry]
  2980 | D:3      | Reached XP level 5. HP: 41/41 MP: 5/5
  2997 | D:3      | Noticed Autsider's ghost (amateur KoBe)
  3017 | D:3      | Killed Autsider's ghost
  3218 | D:3      | Gained mutation: You are mostly covered in iridescent scales. (AC +4) [demonic ancestry]
  3218 | D:3      | Reached XP level 6. HP: 44/47 MP: 6/6
  3329 | D:3      | HP: 9/47 [orc priest/divine providence (15)]
  3330 | D:3      | Killed from afar by an orc priest

Skill      XL: |  1  2  3  4 |
---------------+-------------+-----
Axes           | 3 4 |  4.8
Dodging        | 3 |  3.9
Fighting       | 3 |  3.6
Throwing       | |  1.7

Action                   |  1- 3 |  4- 6 || total
-------------------------+-------+-------++-------
Melee: War axe           |    80 |    76 ||   156
       Kick              |    15 |    16 ||    31
Throw: Stone             |     2 |       ||     2
       Throwing net      |       |     1 ||     1
 Stab: Sleeping          |       |     3 ||     3
  Eat: Chunk             |     1 |     1 ||     2
       Ration            |     1 |     1 ||     2
Armor: Leather armour    |    19 |    25 ||    44
Dodge: Dodged            |    67 |    56 ||   123

Vault maps used:
D:1:      minmay_arrival_shattered_statue, minmay_misc_feat_four_crosses,
          grunt_decor_one_mirror
D:2:      nicolae_overflow_hidden_temple, minmay_pentomino_o2, uniq_jessica
D:3:      vehumet_crystals, nicolae_ru_sacrificial_ziggurat

Table legend:
 A = Turns spent in this place as a percentage of turns spent in the entire game.
 B = Non-inter-level travel turns spent in this place as a percentage of non-inter-level travel turns spent in the entire game.
 C = Inter-level travel turns spent in this place as a percentage of turns spent in this place.
 D = Turns resting spent in this place as a percentage of non-inter-level travel turns spent in this place.
 E = Turns spent auto-exploring this place as a percentage of non-inter-level travel turns spent in this place.
 F = Non-inter-level travel turns spent in this place divided by the number of levels of this place that you've seen.
                   A       B       C       D       E      F
               +-------+-------+-------+-------+-------+----------------------
         Total | 100.0 | 100.0 |   3.5 |  34.7 |  50.1 | 1070.7
       Dungeon | 100.0 | 100.0 |   3.5 |  34.7 |  50.1 | 1070.7
               +-------+-------+-------+-------+-------+----------------------

Table legend:
 A = Kills in this place as a percentage of kills in entire the game.
 B = Kills by you in this place as a percentage of kills by you in the entire game.
 C = Kills by friends in this place as a percentage of kills by friends in the entire game.
 D = Other kills in this place as a percentage of other kills in the entire game.
 E = Experience gained in this place as a percentage of experience gained in the entire game.
 F = Experience gained in this place divided by the number of levels of this place that you have seen.
                   A       B       C       D       E      F
               +-------+-------+-------+-------+-------+----------------------
         Total | 100.0 | 100.0 |   N/A |   N/A | 100.0 | 144.3
       Dungeon | 100.0 | 100.0 |   N/A |   N/A | 100.0 | 144.3
               +-------+-------+-------+-------+-------+----------------------
